 Dungeon Crawl Stone Soup version 0.25.1-2-g60ff931df9 (webtiles) character file.

Game seed: 18037301904626993526

49 DildoBatman the Magician (level 4, -2/30 HPs)
             Began as a Formicid Wizard on Nov 6, 2020.
             Slain by a hound (3 damage)
             ... on level 4 of the Dungeon.
             The game lasted 00:04:25 (2082 turns).

DildoBatman the Magician (Formicid Wizard)          Turns: 2082, Time: 00:04:26

Health: -2/30      AC:  2    Str: 12    XL:     4   Next: 1%
Magic:  3/8        EV: 12    Int: 18    God:
Gold:   82         SH:  0    Dex:  9    Spells: 8/9 levels left

rFire    . . .     SeeInvis +   m - +0 short sword
rCold    . . .     Gourm    .   (no shield)
rNeg     . . .     Faith    .   a - +0 robe
rPois    .         Spirit   .   (helmet unavailable)
rElec    .         Reflect  .   (no cloak)
rCorr    .         Harm     .   (no gloves)
MR       .....                  (no boots)
Stlth    ++........             (no amulet)
HPRegen  0.10/turn              (no ring)
MPRegen  0.11/turn              (no ring)

@: no status effects
A: permanent stasis, dig shafts and tunnels, four strong arms, antennae 3
a: Dig, Shaft Self


You were on level 4 of the Dungeon.
You were hungry.

You visited 1 branch of the dungeon, and saw 3 of its levels.

You collected 82 gold pieces.

Inventory:

Hand Weapons
 l - a +0 club
 m - a +0 short sword (weapon)
Missiles
 b - 19 sling bullets
 g - 104 stones
 j - 47 poisoned darts (quivered)
 k - 51 arrows
 o - 13 bolts
Armour
 a - a +0 robe (worn)
Jewellery
 f - an uncursed amulet of magic regeneration {unknown}
 p - an uncursed ring of fire {unknown}
Scrolls
 e - 2 scrolls of identify {unknown}
 h - a scroll of remove curse {unknown}
 q - 2 scrolls of magic mapping {unknown}
 r - a scroll of teleportation {unknown}
 s - a scroll of amnesia {unknown}
Potions
 c - a potion of degeneration {unknown}
 d - 3 potions of curing {unknown}
 i - a potion of lignification {unknown}
Comestibles
 v - 2 rations


   Skills:
 - Level 1.7 Dodging
 - Level 2.4 Stealth
 - Level 3.2 Spellcasting
 * Level 3.2 Conjurations
   Level 1.0 Summonings
   Level 0.8 Translocations


You had 8 spell levels left.
You knew the following spells:

 Your Spells              Type           Power        Failure   Level  Hunger
c - Magic Dart            Conj           ##..         4%          1    None

Your spell library contained the following spells:

 Spells                   Type           Power        Failure   Level  Hunger
 Call Imp                 Summ           #.......     16%         2    ##.....
 Slow                     Hex            #.......     24%         2    ##.....
 Conjure Flame            Conj/Fire      #.......     24%         3    ###....
 Mephitic Cloud           Conj/Pois/Air  #.......     30%         3    ###....
 Blink                    Tloc           Unusable     N/A         2    N/A

Dungeon Overview and Level Annotations

Branches:
Dungeon (2/15)

Altars:

Annotations:
D:1 1 runed translucent door, exclusions: downstairs and 1 more exclusion
D:2 1 exclusion


Innate Abilities, Weirdness & Mutations

You cannot be hasted, slowed, berserked, paralysed or teleported.
You can dig through walls and to a lower floor.
Your four strong arms can wield two-handed weapons with a shield.
You have a pair of large antennae on your head. (SInv)


Message History

Anything else - Cancel.
You shout for attention!
The hound misses you. The frilled lizard barely misses you.
The hound misses you.
The orc throws a boomerang.
The boomerang hits you.
The weapon returns to the orc!
What are your orders? t - Shout!
Orders for allies: a - Attack new target. r - Retreat! s - Stop attacking. g - Guard the area. f - Follow me.
Anything else - Cancel.
You shout for attention!
You hear a shout!
The frilled lizard barely misses you. The centaur skeleton hits you.
The hound bites you.
You die...

## ## #. . ....
.. .#. .. .. .#
#. ..#
#.##...###
#.@l......
.......Zh......
#.##.#..#.#.###
# .........
..... ... #
#.#..#.#.#.#
?!..... .. .
##o...... ..


You could see a hound, an orc, a frilled lizard and a centaur skeleton.

Vanquished Creatures
  An adder (D:2)
  2 worms (D:2)
  A dart slug (D:1)
  A leopard gecko (D:2)
  4 giant cockroaches
  2 goblins (D:2)
  4 hobgoblins
  6 bats
  3 kobolds
  7 rats
31 creatures vanquished.

Notes
Turn   | Place    | Note
-------+----------+-------------------------------------------
     0 | D:1      | DildoBatman the Formicid Wizard began the quest for the
                  | Orb.
     0 | D:1      | Reached XP level 1. HP: 13/13 MP: 4/4
     1 | D:1      | Found a runed translucent door.
    64 | D:1      | Reached skill level 1 in Conjurations
   295 | D:1      | Reached XP level 2. HP: 19/19 MP: 4/6
  1240 | D:2      | Reached XP level 3. HP: 24/24 MP: 0/7
  2066 | D:2      | Reached XP level 4. HP: 18/30 MP: 1/8
  2069 | D:2      | You fall into a shaft and drop 2 floors!
  2082 | D:4      | HP: 1/30 [centaur skeleton (6)]
  2082 | D:4      | Slain by a hound

Illustrated notes

Levels and vault maps discovered:
D:1:      dpeg_arrival_caged_fury, layout_loops_ring
D:2:      layout_rooms, minmay_misc_feat_room, minmay_box_of_dots
D:4:      layout_basic, nicolae_ru_awakened_eye, first_ration

Skill      XL: |  1  2  3 |
---------------+----------+-----
Conjurations   | 1 2 3 |  3.2
Dodging        | |  1.7
Stealth        | |  2.4
Spellcasting   | |  3.2
Summonings     | |  1.0
Translocations | |  0.8

Action                   |  1- 3 |  4- 6 || total
-------------------------+-------+-------++-------
Melee: Unarmed           |     3 |       ||     3
       Short sword       |     7 |       ||     7
Throw: Dart              |     4 |       ||     4
 Cast: Magic Dart        |    93 |       ||    93
 Abil: Shaft Self        |       |     1 ||     1
  Eat: Chunk             |     3 |       ||     3
Armor: Robe              |     6 |     1 ||     7
Dodge: Dodged            |    13 |    13 ||    26
